Arena
508136944Analyzed4v4 RM
·
11d ago on Sep 21, 2026·
31m 28s·
8 players
Game mode
Random Map
Map size
Large (8 player)
Population
200
Speed
Normal
Resources
Standard
Victory
Conquest
Starting age
Dark Age
Ending age
Imperial Age
RankedLock teamsTeams togetherTeam positionsShared explorationLock speedFull tech treeHidden civsTurbo modeCheats
Victory
Defeat
Replay analysis
:) Onta Roncha Moras
11:42
Feudal Age
15:40
Castle Age
13:31
Champi Runner
14:25
Double-Bit Axe
14:53
Horse Collar
16:54
Bow Saw
17:30
Fervor
17:47
Scale Mail Armor
19:12
Sanctity
20:14
Wheelbarrow
19:51
Squires
19:53
Champi Warrior
21:27
Chain Mail Armor
22:41
Gold Mining
26:18
Redemption
26:57
Town Watch
26:57
Loom
27:29
Hand Cart
31:22
Imperial Age
31:42
Town Patrol
31:54
Forging
32:35
Gold Shaft Mining
32:01
Heavy Plow
31:52
Stone Mining
:) YO30830
9:48
Feudal Age
10:22
Gold Mining
11:55
Loom
15:28
Castle Age
14:10
Horse Collar
14:22
Double-Bit Axe
17:43
Bow Saw
19:50
Fletching
23:02
Bodkin Arrow
24:16
Ballistics
25:51
Padded Archer Armor
28:13
Wheelbarrow
:) Regresa rocha moya
11:30
Feudal Age
11:40
Loom
15:05
Castle Age
13:24
Stone Mining
21:22
Fletching
22:41
Horse Collar
27:23
Imperial Age
25:36
Double-Bit Axe
26:23
Heavy Plow
26:45
Bow Saw
Mat
11:01
Feudal Age
10:19
Loom
11:44
Loom
16:18
Castle Age
15:19
Double-Bit Axe
15:35
Horse Collar
18:27
Bow Saw
20:45
Heavy Plow
21:22
Fortified Wall
25:58
Wheelbarrow
25:39
Gold Mining
25:52
Treadmill Crane
28:17
Gold Shaft Mining
27:57
Fortified Bastions
28:14
Masonry
29:17
Hand Cart
29:16
Stone Mining
30:08
Murder Holes
33:45
Imperial Age
31:27
Fletching
350 pero pregriloso
11:11
Feudal Age
15:36
Castle Age
13:49
Double-Bit Axe
14:16
Horse Collar
15:15
Loom
17:59
Wheelbarrow
18:49
Bow Saw
20:00
Heavy Plow
21:10
Gold Mining
22:46
Padded Archer Armor
26:05
Leather Archer Armor
31:35
Imperial Age
29:02
Fletching
menos que Corky
10:27
Feudal Age
15:45
Castle Age
22:51
Horse Collar
25:46
Double-Bit Axe
26:08
Heavy Plow
29:45
Imperial Age
29:28
Man-at-Arms
ME_DEPRIME_JUGAR_CON_USTEDES
11:00
Feudal Age
14:43
Castle Age
14:04
Double-Bit Axe
16:03
Bow Saw
Nikems
10:26
Feudal Age
14:30
Castle Age
12:59
Double-Bit Axe
14:21
Horse Collar
22:18
Loom
24:31
Wheelbarrow
24:40
Heavy Plow
26:06
Hand Cart
26:42
Bow Saw